 Dungeon Crawl Stone Soup version 0.23.2 (webtiles) character file.

Game seed: 14240697939736988531

61 Borgoz the Cutter (level 4, 0/27 HPs)
             Began as a Gargoyle Gladiator on Apr 12, 2019.
             Hit by a goblin thrown by Robin (1 damage)
             ... on level 2 of the Dungeon.
             The game lasted 00:01:28 (855 turns).

Borgoz the Cutter (Gargoyle Gladiator)               Turns: 855, Time: 00:01:29

Health: 0/27       AC:  7    Str: 23    XL:     4   Next: 7%
Magic:  4/4        EV: 13    Int:  8    God:
Gold:   47         SH:  0    Dex: 12    Spells: 3/3 levels left

rFire    . . .     SeeInvis .   a - +0 rapier
rCold    . . .     Gourm    .   (no shield)
rNeg     + . .     Faith    .   b - +0 leather armour
rPois    ∞         Spirit   .   c - +0 helmet
rElec    +         Reflect  .   (no cloak)
rCorr    .         Harm     .   (no gloves)
MR       .....                  (no boots)
Stlth    +.........             (no amulet)
HPRegen  0.09/turn              (no ring)
MPRegen  0.09/turn              (no ring)

@: mighty
A: negative energy resistance 1, electricity resistance, unbreathing,
petrification resistance, rot immunity, AC +3
a: no special abilities


You were on level 2 of the Dungeon.
You were not hungry.

You visited 1 branch of the dungeon, and saw 2 of its levels.

You collected 47 gold pieces.

Inventory:

Hand Weapons
 a - a +0 rapier (weapon)
Missiles
 d - 3 throwing nets (quivered)
Armour
 b - a +0 leather armour (worn)
 c - a +0 helmet (worn)
Jewellery
 j - a cursed ring of attention {unknown}
Scrolls
 e - a scroll of fear {unknown}
 g - 2 scrolls of identify {unknown}
 k - 3 scrolls of blinking {unknown}
 l - a scroll of fog {unknown}
Comestibles
 f - 2 rations


   Skills:
 + Level 2.7 Fighting
 * Level 3.2 Short Blades
 - Level 1.7 Throwing
 + Level 1.2 Armour
 * Level 3.0 Dodging


You had 3 spell levels left.
You didn't know any spells.
Your spell library was empty.

Dungeon Overview and Level Annotations

Branches:
Dungeon (2/15)

Altars:

Annotations:
D:2 Robin


Innate Abilities, Weirdness & Mutations

You are resistant to torment.
Your stone body is resilient. (AC +3)
You are immune to poison.
You resist negative energy. (rN+)
You are resistant to electric shocks. (rElec)
You can survive without breathing.
You are immune to petrification.
You are immune to rotting.


Message History

You hit the hobgoblin.
The hobgoblin is severely wounded.
The goblin closely misses you. The hobgoblin misses you.
You barely miss the goblin.
The goblin no longer looks unusually strong.
The goblin closely misses you.
The hobgoblin hits you but does no damage.
You puncture the goblin!
You kill the goblin!
The goblin no longer looks unusually strong. x2
Robin throws the goblin at you!
The hobgoblin hits you with a cursed -3 club.
* * * LOW HITPOINT WARNING * * *
The goblin hits you.
* * * LOW HITPOINT WARNING * * *
You puncture the goblin!
You kill the goblin!
The hobgoblin no longer looks unusually strong.
Robin throws the goblin at you!
You die...

...... .... ....
#+# g.. #.# #.g
#.# #####g#####
##.## #...ggg...#
###...## #g# #.#
#....... #@# #.#
##.#...#.
#g###.####...#....
#............#<##.
#####.####........
.#######.#
#####.###
.........# #.#
########## #.# #.#
#.#


You could see Robin, 3 hobgoblins and 4 goblins.

Vanquished Creatures
  An adder (D:2)
  An ooze (D:1)
  A worm (D:1)
  A leopard gecko (D:1)
  3 giant cockroaches (D:1)
  6 hobgoblins (D:1)
  7 kobolds (D:1)
  3 bats
  3 frilled lizards (D:1)
  12 goblins
  2 rats (D:1)
40 creatures vanquished.

Notes
Turn   | Place    | Note
-------+----------+-------------------------------------------
     0 | D:1      | Borgoz the Gargoyle Gladiator began the quest for the Orb.
     0 | D:1      | Reached XP level 1. HP: 12/12 MP: 1/1
   173 | D:1      | Reached XP level 2. HP: 18/18 MP: 2/2
   329 | D:1      | Reached XP level 3. HP: 18/22 MP: 3/3
   384 | D:1      | Reached skill level 1 in Armour
   836 | D:2      | Noticed Robin
   845 | D:2      | Reached XP level 4. HP: 13/27 MP: 4/4
   854 | D:2      | HP: 1/27 [goblin[Robin] (5)]
   855 | D:2      | Hit by a goblin thrown by Robin

Skill      XL: |  1  2  3 |
---------------+----------+-----
Short Blades   | 3 |  3.2
Armour         | 1 |  1.2
Dodging        | 3 |  3.0
Fighting       | |  2.7
Throwing       | |  1.7

Action                   |  1- 3 |  4- 6 || total
-------------------------+-------+-------++-------
Melee: Rapier            |   137 |     8 ||   145
  Use: Potion            |     2 |     1 ||     3
Armor: Leather armour    |    54 |     2 ||    56
Dodge: Dodged            |   137 |     6 ||   143
